 Dungeon Sprint DCSS version 0.17-a0-1863-g715b4b0 (webtiles) character file.

139 luca467 the Insei (level 5, 0/44 HPs)
             Began as a Demonspawn Monk on Sept 20, 2015.
             Was a Believer of Dithmenos.
             Slain by a troll (7 damage)
             ... in the Dungeon (Sprint IX: "|||||||||||||||||||||||||||||").
             The game lasted 00:04:26 (421 turns).

luca467 the Insei (Demonspawn Monk)                  Turns: 421, Time: 00:04:26

Health: 0/44       AC: 10    Str: 14    XL:     5   Next: 1%
Magic:  3/5        EV: 15    Int: 12    God:    Dithmenos [**....]
Gold:   0          SH:  0    Dex: 16    Spells: 0 memorised, 4 levels left

rFire  . . .     SeeInvis .       - Unarmed
rCold  . . .     Clarity  .     a - +0 robe
rNeg   . . .     SustAt   .     (no shield)
rPois  .         Gourm    .     m - +0 helmet
rElec  .         Spirit   .     (no cloak)
rCorr  .         Warding  .     (no gloves)
rMut   .         NoTele   +     l - +0 pair of boots
MR     .....                    (no amulet)
Stlth  +++++.....               o - +2 ring of protection
                                n - +3 ring of strength

@: wreathed by umbra, not resistant to hostile enchantments, quite stealthy
A: talons 1, iridescent scales 1, nightstalker 1
a: Shadow Step, Renounce Religion


You were in the Dungeon.
You worshipped Dithmenos.
Dithmenos was pleased with you.
You were not hungry.

You visited 1 branch

Inventory:

Armour
 a - a +0 robe (worn)
 l - a +0 pair of boots (worn)
 m - a +0 helmet (worn)
Jewellery
 n - a +3 ring of strength (left hand)
 o - a +2 ring of protection (right hand)
Scrolls
 h - 2 scrolls of blinking
 j - 3 scrolls of remove curse
 k - 2 scrolls of amnesia
Potions
 c - 5 potions of curing
 d - a potion of heal wounds
 e - a potion of haste
 f - 4 potions of magic
 g - a potion of berserk rage
 i - a potion of invisibility
Comestibles
 b - a bread ration


   Skills:
 + Level 5.4 Fighting
 + Level 4.9 Dodging
 + Level 4.5 Stealth
 * Level 6.8 Unarmed Combat


You had 4 spell levels left.
You didn't know any spells.

Dungeon Overview and Level Annotations

Branches:
Dungeon (1/1)

Altars:
Cheibriados
Dithmenos
Elyvilon
Fedhas
Gozag
Kikubaaqudgha
Makhleb
Nemelex Xobeh
Okawaru
Qazlal
Ru
Sif Muna
Trog
Vehumet
Xom
Yredelemnul
Zin
The Shining One
Beogh
Jiyva
Lugonu


Innate Abilities, Weirdness & Mutations

You have sharp toenails.
You are partially covered in iridescent scales (AC +4).
You are slightly more attuned to the shadows.


Message History

The troll misses you. The troll claws you! The troll claws you.
You punch the troll!
The troll is moderately wounded.
You hit the troll.
The troll is moderately wounded.
The troll barely misses you. The troll completely misses you.
The troll claws you!
You punch the troll!
The troll is heavily wounded.
The troll bites you!
* * * LOW HITPOINT WARNING * * *
The troll barely misses you. x2
Drink which item? (? for menu, Esc to quit)
You feel much better. The troll bites you! The troll completely misses you.
The troll claws you!
* * * LOW HITPOINT WARNING * * *
You hit the troll but do no damage.
The troll is heavily wounded.
The troll bites you!
You die...

▓.▓
▓.▓
▓.▓
▓.▓
▓†▓
▓W▓
▓H▓
▓T▓
▓@▓
▓.▓
▓.▓
▓)▓
▓|▓
▓.▓
▓.▓
▓'▓
▓_▓


You could see a hippogriff, a troll and a wraith.

Vanquished Creatures
  An eye of draining (D)
  A worker ant (D)
  An adder (D)
  2 orcs (D)
  A bat zombie (D)
  2 giant cockroaches (D)
  2 hobgoblins (D)
  A bat (D)
  A goblin (D)
  A kobold (D)
13 creatures vanquished.

Notes
Turn   | Place    | Note
--------------------------------------------------------------
     0 | D        | luca467 the Demonspawn Monk began the quest for the Orb.
     0 | D        | Reached XP level 1. HP: 18/18 MP: 1/1
    14 | D        | Reached skill level 4 in Unarmed Combat
   205 | D        | Gained mutation: You are partially covered in iridescent scales (AC +4). [demonic ancestry]
   205 | D        | Reached XP level 2. HP: 17/24 MP: 2/2
   305 | D        | Found a glowing silver altar of Zin.
   305 | D        | Found a glowing golden altar of the Shining One.
   305 | D        | Found an ancient bone altar of Kikubaaqudgha.
   305 | D        | Found a basalt altar of Yredelemnul.
   305 | D        | Found a shimmering altar of Xom.
   305 | D        | Found a radiant altar of Vehumet.
   306 | D        | Found an iron altar of Okawaru.
   307 | D        | Found a burning altar of Makhleb.
   308 | D        | Found a deep blue altar of Sif Muna.
   309 | D        | Found a bloodstained altar of Trog.
   310 | D        | Found a sparkling altar of Nemelex Xobeh.
   311 | D        | Found a white marble altar of Elyvilon.
   312 | D        | Found a roughly hewn altar of Beogh.
   313 | D        | Found a viscous altar of Jiyva.
   314 | D        | Found a corrupted altar of Lugonu.
   315 | D        | Found a blossoming altar of Fedhas.
   316 | D        | Found a snail-covered altar of Cheibriados.
   317 | D        | Found a shadowy altar of Dithmenos.
   318 | D        | Found a stormy altar of Qazlal.
   319 | D        | Found an opulent altar of Gozag.
   322 | D        | Found a sacrificial altar of Ru.
   327 | D        | Became a worshipper of Dithmenos the Shadowed
   327 | D        | Acquired Dithmenos's first power
   362 | D        | Noticed a wraith
   362 | D        | Noticed a hippogriff
   362 | D        | Noticed a troll
   362 | D        | Noticed a worker ant
   362 | D        | Noticed an eye of draining
   393 | D        | Killed an eye of draining
   393 | D        | Reached skill level 5 in Fighting
   393 | D        | Reached skill level 6 in Unarmed Combat
   393 | D        | Gained mutation: You are slightly more attuned to the shadows. [demonic ancestry]
   393 | D        | Reached XP level 3. HP: 30/33 MP: 1/3
   393 | D        | Gained mutation: You have sharp toenails. [demonic ancestry]
   393 | D        | Reached XP level 4. HP: 35/39 MP: 1/4
   406 | D        | Killed a worker ant
   406 | D        | Reached XP level 5. HP: 28/44 MP: 2/5
   421 | D        | Slain by a troll

Vault maps used:
D:        linesprint

Action                   |  1- 3 |  4- 6 || total
-------------------------+-------+-------++-------
Melee: Unarmed           |    54 |    23 ||    77
  Use: Potion            |       |     2 ||     2
